 Dungeon Crawl Stone Soup version 0.27-a0-1434-g6f15984924 (webtiles) character file.

Game seed: 9372439516769739680

1050 Lanoc the Frost Mage (level 8, -1/55 HPs)
             Began as a Naga Ice Elementalist on July 3, 2021.
             Was a Believer of Hepliaklqana.
             Slain by Duvessa (13 damage)
             ... on level 4 of the Dungeon.
             The game lasted 00:07:37 (4058 turns).

Lanoc the Frost Mage (Naga Ice Elementalist)        Turns: 4058, Time: 00:07:37

Health: -1/55      AC:  5    Str: 10    XL:     8   Next: 26%
Magic:  9/11       EV: 11    Int: 18    God:    Hepliaklqana [**....]
Gold:   229        SH:  0    Dex: 12    Spells: 7/11 levels left

rFire    + . .     SeeInvis +   o - +4 flail (freeze)
rCold    + . .     Faith    .   (no shield)
rNeg     . . .     Spirit   .   l - +2 robe {rC+ rF+}
rPois    +         Reflect  .   (no helmet)
rElec    .         Harm     .   (no cloak)
rCorr    .         Rampage  .   (no gloves)
Will     +....                  (no barding)
Stlth    ++........             (no amulet)
HPRegen  0.18/turn              (no ring)
MPRegen  0.12/turn              (no ring)

@: very slow
A: reduced essence, AC +2, large, see invisible, deformed body, poison
resistance, slowness 2, spit poison 1, naga tail 1
a: Spit Poison, Renounce Religion, Recall Ancestor, Ancestor Identity


You were on level 4 of the Dungeon.
You worshipped Hepliaklqana.
Hepliaklqana was pleased with you.
You visited 1 branch of the dungeon, and saw 4 of its levels.

You collected 229 gold pieces.

Inventory:

Hand Weapons
 o - a +4 flail of freezing (weapon)
Missiles
 d - 2 datura-tipped darts
Armour
 l - a +2 robe of resistance (worn)
Wands
 n - a wand of digging (4)
Scrolls
 b - 2 scrolls of teleportation {unknown}
 c - a scroll of identify {unknown}
 e - a scroll of holy word {unknown}
 g - 2 scrolls of brand weapon {unknown}
 i - a scroll of acquirement {unknown}
 m - a scroll of torment {unknown}
Potions
 f - a potion of curing
 h - a potion of lignification {unknown}
 j - a potion of ambrosia {unknown}
 k - a potion of might {unknown}


   Skills:
 + Level 4.7 Dodging
 - Level 3.0 Stealth
 - Level 2.0 Spellcasting
 * Level 8.7 Ice Magic


You had 7 spell levels left.
You knew the following spells:

 Your Spells              Type           Power      Damage    Failure   Level
a - Freeze                Ice            100%       1d11      1%          1
b - Frozen Ramparts       Ice            66%        1d8       1%          3

Your spell library contained the following spells:

 Spells                   Type           Power      Damage    Failure   Level
 Ozocubu's Armour         Ice            33%        N/A       1%          3
 Ensorcelled Hibernation  Hex/Ice        34%        N/A       4%          2
 Beastly Appendage        Tmut           2%         N/A       19%         1
 Wereblood                Tmut           1%         N/A       26%         2
 Hailstorm                Conj/Ice       17%        3d6       30%         4
 Spider Form              Tmut/Pois      0%         N/A       47%         3
 Shadow Creatures         Summ           N/A        N/A       100%        6


Dungeon Overview and Level Annotations

Branches:
Dungeon (4/15)
 Temple: D:4-7

Altars:
Hepliaklqana

Annotations:
D:4 Duvessa


Innate Abilities, Weirdness & Mutations

Your life essence is reduced to manifest your ancestor. (-10% HP)
Your serpentine skin is tough. (AC +2)
You have supernaturally acute eyesight. (SInv)
Armour fits poorly on your strangely shaped body.
Your system is resistant to poisons. (rPois)
You cover ground very slowly.
You can spit poison.
You have a snake-like lower body.


Message History

Dowan, Brother of Duvessa comes into view.
He is wielding a +0 dagger.
Casting: Frozen Ramparts (safe; 1% risk of failure)
Confirm with . or Enter, or press ? or * to list all spells.
Casting: Frozen Ramparts (safe; 1% risk of failure)
Press: ? - help, Dir - look around, f - activate The walls around you are covered in ice.
Dowan shouts!
The wall freezes Dowan.
Dowan hits you with a +0 dagger.
You closely miss Dowan.
Dowan is lightly wounded.
The wall freezes Dowan!
Dowan gestures at something while chanting.
Amnanu hits Dowan with a +0 flail!
You closely miss Dowan.
Dowan is severely wounded.
Duvessa, Sister of Dowan comes into view.
She is wielding a +0 short sword.
You barely miss Duvessa.
The wall freezes Duvessa.
Duvessa hits you with a +0 short sword.
The wall freezes Duvessa.
Duvessa hits you but does no damage.
Amnanu hits Duvessa with a +0 flail!
The wall freezes Dowan!
You kill Dowan!
Duvessa screams in rage.
Duvessa goes berserk!
You completely miss Duvessa.
Duvessa is moderately wounded.
The wall freezes Duvessa.
Duvessa hits you with a +0 short sword!
Amnanu hits Duvessa but does no damage.
The wall freezes Duvessa!
Duvessa hits you with a +0 short sword.
Amnanu closely misses Duvessa.
The wall freezes Duvessa.
Duvessa closely misses you.
You hit Duvessa. You freeze Duvessa.
Duvessa is heavily wounded.
The frozen ramparts melt away.
Duvessa hits you with a +0 short sword!
Amnanu barely misses Duvessa.
Duvessa hits you with a +0 short sword!
* * * LOW HITPOINT WARNING * * *
Amnanu closely misses Duvessa.
Duvessa hits you with a +0 short sword.
* * * LOW HITPOINT WARNING * * *
Amnanu hits Duvessa with a +0 flail.
It was a potion of curing.
You feel better. Duvessa hits you with a +0 short sword!
You die...

#.##...............
......
#.#####.#########..
###..#. #.# #.#
#.#.. #.# #.###
#.##. #.# #.# .# ##
#.### #.# #.#
.##.## # #.# ##..
....# #.. ..# ##R.#
##.###@e# #.#.##)#
#..# .# #..# .. ..
#..# ### ##.# ##..#
###... #######...#
#.# ....#
#........)# #..
##... #.#####...#
#.#########.#


You could see the friendly Amnanu the knight and Duvessa (berserk, fast, ally
target).

Vanquished Creatures
  Sigmund (D:4)
  A gnoll sergeant (D:3)
  Blork the orc (D:4)
  Dowan (D:4)
  2 wights (D:4)
  2 orc priests
  A hound (D:4)
  An iguana (D:4)
  Natasha (twice) (D:4)
  An orc wizard (D:4)
  4 adders (D:2)
  6 gnolls (D:3)
  An adder skeleton (D:4)
  4 worms
  3 dart slugs
  4 orcs
  5 ball pythons
  4 bats
  6 endoplasms
  2 giant cockroaches
  4 goblins
  4 hobgoblins
  7 jackals
  3 quokkas
  10 frilled lizards
  2 kobolds (D:4)
  5 rats
87 creatures vanquished.

Vanquished Creatures (collateral kills)
  A black bear (D:4)
  3 wights (D:4)
  An orc priest (D:4)
  Natasha (D:4)
  An adder skeleton (D:4)
  A worm (D:4)
  A dart slug (D:2)
  3 orcs
  2 endoplasms (D:3)
14 creatures vanquished.

Vanquished Creatures (others)
  An ancestor (D:3)
  A plant (D:1)
2 creatures vanquished.

Grand Total: 103 creatures vanquished

Notes
Turn   | Place    | Note
-------+----------+-------------------------------------------
     0 | D:1      | Lanoc the Naga Ice Elementalist began the quest for the
                  | Orb.
     0 | D:1      | Reached XP level 1. HP: 15/15 MP: 3/3
   188 | D:1      | Reached XP level 2. HP: 22/22 MP: 3/5
   822 | D:1      | Reached XP level 3. HP: 24/28 MP: 3/6
   831 | D:1      | Learned a level 3 spell: Frozen Ramparts
   898 | D:1      | Found a faded altar of an unknown god.
   993 | D:1      | Became a worshipper of Hepliaklqana the Forgotten
   993 | D:1      | Reached * piety under Hepliaklqana
  1360 | D:2      | Reached skill level 5 in Ice Magic
  1466 | D:2      | Reached XP level 4. HP: 24/32 MP: 3/7
  1912 | D:3      | Reached XP level 5. HP: 37/37 MP: 6/8
  2374 | D:3      | Reached skill level 6 in Ice Magic
  2671 | D:3      | Reached XP level 6. HP: 10/44 MP: 4/9
  2677 | D:3      | HP: 2/44 [poisoned by a gnoll sergeant]
  2985 | D:3      | Reached ** piety under Hepliaklqana
  2986 | D:3      | Remembered your ancestor Amnanu as a knight
  3329 | D:4      | Noticed Sigmund
  3342 | D:4      | Killed Sigmund
  3343 | D:4      | Reached skill level 7 in Ice Magic
  3343 | D:4      | Reached XP level 7. HP: 40/49 MP: 4/10
  3688 | D:4      | Noticed Blork the orc
  3691 | D:4      | Killed Blork the orc
  3820 | D:4      | Noticed Natasha
  3826 | D:4      | Killed Natasha
  3865 | D:4      | Noticed Natasha
  3869 | D:4      | Killed Natasha
  3870 | D:4      | Reached skill level 8 in Ice Magic
  3882 | D:4      | Noticed Natasha
  3886 | D:4      | Killed Natasha
  3902 | D:4      | Reached XP level 8. HP: 53/55 MP: 6/11
  4047 | D:4      | Noticed Dowan
  4054 | D:4      | Noticed Duvessa
  4054 | D:4      | Killed Dowan
  4058 | D:4      | Slain by Duvessa

Illustrated notes

Levels and vault maps discovered:
D:1:      wander_arrival_desolate, layout_loops_ring,
          chequers_ecumenical_altar_lobes
D:2:      layout_rooms, minmay_crystal_room, minmay_lizard_pond
D:3:      layout_basic, serial_glass, glass_columns_b, glass_columns_c,
          item_on_display_a, st_stairs_4
D:4:      layout_loops_ring, uniq_sigmund, uniq_eustachio, uniq_blork_the_orc,
          uniq_duvessa, uniq_natasha

Skill      XL: |  1  2  3  4  5  6  7 |
---------------+----------------------+-----
Dodging        | 2 3 4 |  4.7
Ice Magic      | 5 6 7 8 |  8.7
Stealth        | |  3.0
Spellcasting   | |  2.0

Action                   |  1- 3 |  4- 6 |  7- 9 || total
-------------------------+-------+-------+-------++-------
Melee: Unarmed           |     6 |    13 |       ||    19
       Spear             |       |    10 |     5 ||    15
       Scythe            |       |       |    21 ||    21
       Flail             |       |       |     5 ||     5
 Cast: Freeze            |    21 |    15 |       ||    36
       Frozen Ramparts   |     4 |    15 |    10 ||    29
Invok: Ancestor Life: Kn |       |     1 |       ||     1
 Abil: Spit Poison       |    19 |    17 |       ||    36
  Use: Potion            |       |       |     1 ||     1
 Stab: Sleeping          |       |     1 |     1 ||     2
       Distracted        |       |       |     1 ||     1
Armor: Robe              |     5 |     5 |     4 ||    14
Dodge: Dodged            |    13 |    35 |    11 ||    59

Table legend: (Time is in decaauts)
 A = Elapsed time spent in this place.
 B = Non-inter-level travel time spent in this place.
 C = Inter-level travel time spent in this place.
 D = Time resting spent in this place.
 E = Time spent auto-exploring this place.
 F = Levels seen in this place.
 G = Mean time per level.
                   A        B        C        D        E       F      G
               +--------+--------+--------+--------+--------+-----+--------+
         Total |   4767 |   4549 |    218 |    434 |   3478 |   4 | 1191.8 |
       Dungeon |   4767 |   4549 |    218 |    434 |   3478 |   4 | 1191.8 |
               +--------+--------+--------+--------+--------+-----+--------+

Top non-repeatable levels by time:
     D:3: 1574 daAuts
     D:1: 1276 daAuts
     D:2: 1083 daAuts
     D:4: 833 daAuts
